Cogmind - Beta 13 @@@ ROGUE MODE // 2024.04.10 @ 12:32:16 Player: CogEmotions! Result: Destroyed by 9Z-BV3(R) with Subdweller Laser Performance ------------- Evolutions (0) 0 Regions Visited (3) 600 Robots Destroyed (16) 80 Value Destroyed (409) 409 Prototype IDs (10) 200 Alien Tech Used (0) 0 Bonus (0) 0 TOTAL SCORE: 1289 Bonus ------- None Cogmind --------- Core Integrity 0/250 Matter 290/300 Energy 240/250 System Corruption 0% Temperature Cool (6) Movement Core (300) Ox5 Location -10/Subcaves Parts ------- > --- POWER (1) -------- Ion Engine > --- PROPULSION (2) --- (None) > --- UTILITY (2) ------ Medium Storage Unit Targeting Computer > --- WEAPON (2) ------- Light Assault Rifle > --- INVENTORY (10) --- Heat Sink Improved Heat Sink Small Matter Pod (50) Medium Armor Plating Medium Armor Plating Shield Generator Peak State ------------ > --- POWER ------------ Ion Engine > --- PROPULSION ------- Aluminum Leg Aluminum Leg > --- UTILITY ---------- Medium Storage Unit Targeting Computer > --- WEAPON ----------- Light Assault Rifle Flamer > --- INVENTORY -------- Heat Sink Improved Heat Sink Small Matter Pod Medium Armor Plating Medium Armor Plating Shield Generator Light Assault Rifle [Rating: 9] Favorites ----------- Power Ion Engine Engine Ion Engine Propulsion Aluminum Leg Treads Light Treads Leg Aluminum Leg Utility Targeting Computer Storage Medium Storage Unit Processor Targeting Computer Weapon Light Assault Rifle Energy Gun Medium Laser Ballistic Gun Light Assault Rifle Special Weapon Flamer Build | -11 -10 -10 -10 ------- Run | Yrd Mat Min Sub Slots Evolved . | . . . . Power . | . . . . Propulsion . | . . . . Utility . | . . . . Weapon . | . . . . Parts Attached 19 | 6 4 6 3 Power 5 | 1 2 1 1 Engine 5 | 1 2 1 1 Core . | . . . . Reactor . | . . . . Propulsion 4 | 2 . 2 . Treads 2 | 2 . . . Leg 2 | . . 2 . Wheel . | . . . . Hover . | . . . . Flight . | . . . . Utility 3 | 1 1 1 . Device . | . . . . Storage 2 | 1 . 1 . Processor 1 | . 1 . . Hackware . | . . . . Protection . | . . . . Artifact . | . . . . Weapon 7 | 2 1 2 2 Energy Gun 2 | 2 . . . Energy Cannon . | . . . . Ballistic Gun 4 | . 1 2 1 Ballistic Cannon . | . . . . Launcher . | . . . . Special Weapon 1 | . . . 1 Impact Weapon . | . . . . Slashing Weapon . | . . . . Piercing Weapon . | . . . . Special Melee Weapon . | . . . . Unidentified Prototypes . | . . . . Parts Lost 8 | . 2 1 5 Power 2 | . 1 . 1 Propulsion 3 | . . 1 2 Utility . | . . . . Weapon 3 | . 1 . 2 Highest Loss Streak 3 | . 2 1 3 To Critical Strikes 1 | . . . 1 Average Slot Usage (%) 95 | . 96 99 92 Engine 13 | . 12 14 14 Treads 9 | . 28 5 . Leg 15 | . . 21 21 Storage 14 | . 14 14 14 Processor 13 | . 12 14 14 Energy Gun 6 | . 18 3 . Ballistic Gun 16 | . 8 24 17 Special Weapon 4 | . . . 9 Naked Turns . | . . . . Heaviest Build 18 | 14 14 17 18 Greatest Support 40 | 40 40 40 20 Greatest Overweight (x) 2 | 2 . . 1 Average Overweight (x) . | . . . . Largest Inventory Capacity 10 | 8 8 10 10 Average Capacity 8 | 6 8 9 10 Most Carried 8 | 3 8 8 8 Average Carried 5 | 1 4 6 6 Final Capacity 10 | 8 8 10 10 Final Carried 8 | 1 8 7 6 Class Distribution -------------------- 57% | Mutant 42% | Scavenger-Mutant Dominant Class ---------------- Mutant | -10/Materials Scavenger-Mutant | -10/Mines Scavenger-Mutant | -10/Subcaves Resources | -11 -10 -10 -10 ----------- Run | Yrd Mat Min Sub Matter Collected 463 | 187 168 87 21 Remotely . | . . . . Salvage Created 571 | . 288 210 73 Parts 28 | . 14 11 3 Haulers Intercepted 1 | . 1 . . Recyclers Shooed 1 | . . 1 . Parts Field Recycled . | . . . . Retrieved Matter . | . . . . Parts Self-Destructed . | . . . . Prevented . | . . . . Kills | -11 -10 -10 -10 ------- Run | Yrd Mat Min Sub Combat Hostiles Destroyed 14 | . 8 4 2 Melee 1 | . 1 . . Guns 11 | . 6 4 1 Cannons 1 | . . . 1 Classes Destroyed 5 | . 3 1 1 Hauler 1 | . 1 . . Recycler 1 | . . 1 . Swarmer 5 | . 3 2 . Grunt 7 | . 5 2 . Subdweller 2 | . . . 2 Best Kill Streak 3 | . 3 2 1 Combat Bots Only 3 | . 3 2 1 Max Kills in Single Turn 1 | . 1 1 1 Gunslinging . | . . . . Exploded . | . . . . Melee 1 | . 1 . . Uniques/NPCs Destroyed . | . . . . Combat | -11 -10 -10 -10 -------- Run | Yrd Mat Min Sub Hostile Shots Fired 102 | . 50 34 18 Missed 24 | . 11 8 5 Damage Taken 1205 | . 498 285 422 Core 255 | . 77 70 108 Absorbed by Shields . | . . . . Core Remaining (%) 100 | 100 . . . Volleys Fired 60 | . 29 18 13 Largest 2 | . 2 2 2 Hottest 120 | . 100 70 120 Shots Fired 96 | . 39 36 21 Gun 88 | . 39 36 13 Cannon . | . . . . Launcher . | . . . . Special 8 | . . . 8 Kinetic 58 | . 15 30 13 Thermal 38 | . 24 6 8 Explosive . | . . . . Electromagnetic . | . . . . Robot Hit Streak 14 | . 10 10 14 Robot Miss Streak 2 | . 2 2 1 Penetration Max . | . . . . Secondary Targets 3 | . 2 1 . Max Gunslinging Chain 1 | . 1 1 . Shots Hit Robots 67 | . 28 25 14 Core Hits 30 | . 14 10 6 Critical Kills . | . . . . Critical Parts Destroyed . | . . . . Critical Strikes 2 | . 2 . . Burn 2 | . 2 . . Melee Attacks . | . . . . Impact . | . . . . Slashing . | . . . . Piercing . | . . . . Sneak Attacks . | . . . . Combat Hostiles . | . . . . Follow-up Attacks . | . . . . Damage Inflicted 693 | . 337 229 127 Guns 589 | . 299 218 72 Cannons . | . . . . Explosions 36 | . 36 . . Melee . | . . . . Ramming 13 | . 2 11 . Kinetic 326 | . 87 167 72 Thermal 354 | . 248 51 55 Explosive . | . . . . Electromagnetic . | . . . . Impact . | . . . . Slashing . | . . . . Piercing . | . . . . Highest Corruption . | . . . . Average Corruption . | . . . . Corruption Purged . | . . . . Corruption Blocked . | . . . . Overload Shots . | . . . . Overflow Damage 21 | . 21 . . Projectiles . | . . . . Explosions 21 | . 21 . . Melee . | . . . . Knockbacks . | . . . . Impact . | . . . . Kinetic . | . . . . Secondary . | . . . . Self-Inflicted Damage 71 | . 71 . . Shots 1 | . 1 . . Rammed . | . . . . Targets Rammed 2 | . 1 1 . Kicked 1 | . . 1 . Crushed 1 | . 1 . . Highest Temperature 389 | . 389 80 6 Average Temperature 117 | . 184 24 6 Received Heat Transfer 414 | . 222 114 78 Effects 5 | . 5 . . Interference 4 | . 4 . . Damage (minor) 1 | . 1 . . Siege Activations . | . . . . Robots Corrupted . | . . . . Combat Hostiles . | . . . . Parts Fried . | . . . . Impact Corruptions . | . . . . Robots Melted 1 | . 1 . . Combat Hostiles 1 | . 1 . . Parts Melted 3 | . 2 . 1 Heat Transferred 1375 | . 827 148 400 Parts Sabotaged . | . . . . Parts Stolen . | . . . . Parts Stripped . | . . . . Power Chain Reactions . | . . . . Alert | -11 -10 -10 -10 ------- Run | Yrd Mat Min Sub Peak Influence 269 | . 269 214 . Initial 104 | . . 104 . Average 137 | . 149 167 . Maximum Alert Level 1 | . 1 1 . Low Security (%) 76 | 100 70 75 . Level 1 23 | . 29 25 . Level 2 . | . . . . Level 3 . | . . . . Level 4 . | . . . . Level 5 . | . . . . High Security . | . . . . Max Security . | . . . . Squads Dispatched 3 | . 3 . . Investigation 1 | . 1 . . Extermination . | . . . . Reinforcement 2 | . 2 . . Assault . | . . . . Garrison . | . . . . Intercept . | . . . . Searches Triggered . | . . . . Construction Impeded . | . . . . Haulers Reinforced . | . . . . Active Scanning Responses . | . . . . Cargo Convoy Interrupts . | . . . . Stealth | -11 -10 -10 -10 --------- Run | Yrd Mat Min Sub Distress Signals 1 | . 1 . . Communications Jammed . | . . . . Distress Signals . | . . . . Times Spotted 19 | . 11 5 3 Peak Tracking Total 7 | . 7 3 2 Tactical Retreats 2 | . 2 . . Traps | -11 -10 -10 -10 ------- Run | Yrd Mat Min Sub Traps Triggered 3 | . . . 3 Indirectly . | . . . . Trap Hack Attempts . | . . . . Triggered . | . . . . Disarmed . | . . . . Reprogrammed . | . . . . Reused . | . . . . Traps Extracted . | . . . . Installed . | . . . . Triggered . | . . . . Machines | -11 -10 -10 -10 ---------- Run | Yrd Mat Min Sub Machines Disabled 2 | . 2 . . Max in Single Turn 2 | . 2 . . Machines Repaired . | . . . . Machines Dismantled . | . . . . Machines Sabotaged . | . . . . Overloaded Fab Kills . | . . . . Hacking | -11 -10 -10 -10 --------- Run | Yrd Mat Min Sub Machines Accessed 1 | . . . 1 Terminals . | . . . . Fabricators . | . . . . Repair Stations . | . . . . Recycling Units . | . . . . Scanalyzers . | . . . . Garrison Access . | . . . . Total Hacks 9 | . . . 9 Successful 9 | . . . 9 Failed . | . . . . Catastrophic . | . . . . Database Lockouts . | . . . . Manual . | . . . . Terminals . | . . . . Fabricators . | . . . . Repair Stations . | . . . . Recycling Units . | . . . . Scanalyzers . | . . . . Garrison Access . | . . . . Terminal Hacks 9 | . . . 9 Record 8 | . . . 8 Derelict Proto ID Bank 1 | . . . 1 Fabricator Hacks . | . . . . Repair Station Hacks . | . . . . Recycling Unit Hacks . | . . . . Scanalyzer . | . . . . Garrison Access Hacks . | . . . . Unauthorized Hacks . | . . . . Terminals . | . . . . Fabricators . | . . . . Repair Stations . | . . . . Recycling Units . | . . . . Scanalyzers . | . . . . Garrison Access . | . . . . Data Cores Recovered . | . . . . Used . | . . . . Hacking Detections . | . . . . Full Trace Events . | . . . . Feedback Events . | . . . . Feedback Blocked . | . . . . Robot Schematics Acquired . | . . . . Robots Built . | . . . . Authchips . | . . . . Time . | . . . . Total Robot Build Rating . | . . . . Part Schematics Acquired . | . . . . Parts Built . | . . . . Authchips . | . . . . Time . | . . . . Total Part Build Rating . | . . . . Parts Repaired . | . . . . Time . | . . . . Parts Recycled . | . . . . Recycled Matter . | . . . . Retrieved Matter . | . . . . Retrieved Components . | . . . . Parts Scanalyzed . | . . . . Part Schematics Acquired . | . . . . Parts Damaged . | . . . . Bothacking | -11 -10 -10 -10 ------------ Run | Yrd Mat Min Sub Used RIF Installer . | . . . . Robots Hacked . | . . . . Non-combat . | . . . . Combat . | . . . . Robot Hacks Applied . | . . . . Relay Couplers Released . | . . . . Fabnet Peak Effective % . | . . . . Robots Rewired . | . . . . Allies Hacked . | . . . . Hacks Repelled . | . . . . Allies | -11 -10 -10 -10 -------- Run | Yrd Mat Min Sub Total Allies . | . . . . Largest Group . | . . . . Highest-Rated Group . | . . . . Highest-Rated Ally . | . . . . Total Orders . | . . . . Ally Attacks . | . . . . Total Damage . | . . . . Kills . | . . . . Allies Corrupted . | . . . . Allies Melted . | . . . . Intel | -11 -10 -10 -10 ------- Run | Yrd Mat Min Sub Robot Analysis Total . | . . . . Derelict Logs Recovered 2 | . . 1 1 Drone Launches . | . . . . Drone Recoveries . | . . . . Exploration | -11 -10 -10 -10 ------------- Run | Yrd Mat Min Sub Turns Passed 1438 | 108 395 340 595 Spaces Moved 831 | 67 190 207 367 Core 21 | 21 . . . Treads 273 | 46 190 37 . Legs 537 | . . 170 367 Wheels . | . . . . Hover . | . . . . Flight . | . . . . Fastest Speed 50 | 50 160 120 120 Average Speed 143 | 143 160 127 143 Slowest Speed 190 | 160 160 160 190 Overloaded Moves . | . . . . Propulsion Burnouts . | . . . . Robots Hopped . | . . . . Cave-ins Triggered . | . . . . Exploration Rate (%) 29 | 5 38 49 24 Regions Visited 3 Branch Regions 2 Pre-discovered Areas . | . . . . Known Exits Taken . | . . . . Unknown Exits Taken 3 | 1 1 1 . Scrap Searched 4 | . . 1 3 Spaces Dug . | . . . . Terrain Destroyed 57 | . 57 . . Melee . | . . . . Projectile . | . . . . AOE 57 | . 57 . . Terrain Rammed . | . . . . Walls Destroyed . | . . . . Machines Disabled . | . . . . Actions | -11 -10 -10 -10 --------- Run | Yrd Mat Min Sub Total 985 | 79 246 254 406 Wait 44 | . 10 14 20 Move 828 | 66 189 206 367 Hop . | . . . . Pick Up 24 | 7 11 4 2 Fast Attach . | . . . . Attach 12 | 6 3 1 2 Detach . | . . . . Swap 7 | . 1 5 1 Drop 8 | . 2 5 1 Fire 60 | . 29 18 13 Melee . | . . . . Ram . | . . . . Kick 1 | . . 1 . Crush 1 | . 1 . . Escape Stasis . | . . . . Rewire . | . . . . Trap . | . . . . Miscellaneous . | . . . . Route ------- -11/Scrapyard -10/Materials (discovered 2 exits: [*Mat] / [*Min]) -10/Mines (discovered 3 exits: [*Mat] / Exi / *Sub) -10/Subcaves (discovered 1 exit: [*Mat]) History --------- Turn | Location | Event 4 | -11/Scrapyard | Discovered new exit (range 16) 109 | -11/Scrapyard | Entered Materials 282 | -10/Materials | Discovered new exit (range 16) 313 | -10/Materials | Build established: Mutant 480 | -10/Materials | Discovered new exit (range 15) 504 | -10/Materials | Entered Mines 550 | -10/Mines | Met a Derelict bent on vengeance 727 | -10/Mines | Identified exit to Exiles 727 | -10/Mines | Discovered new exit (range 8) 747 | -10/Mines | Core integrity fell below 50% 837 | -10/Mines | Discovered new exit (range 7) 844 | -10/Mines | Entered Subcaves 872 | -10/Subcaves | Build established: Scavenger-Mutant 891 | -10/Subcaves | Discovered new exit (range 16) 1012 | -10/Subcaves | Visited 4L-MR0's lab 1419 | -10/Subcaves | Core integrity fell below 20% 1439 | -10/Subcaves | Destroyed by 9Z-BV3(R) with Subdweller Laser Last Messages --------------- Triggered Piercing Trap. Spikes shoot up from the floor. Critical hit (Impale). Subatomizers dissect the Sub. Optics. Searching scrap... Found Sub. Monowheel. Found 26 Matter. Acquired 10 matter. 3F-433(R) emerges from the Twisted Machinery. Aluminum Leg destroyed. Sub. Monowheel melted. 3F-433(R) destroyed. Acquired Scrap Shield Fragment. Acquired 1 matter. Dropped Scrap Shield Fragment. Flamer destroyed. Aluminum Leg destroyed. BW-NOR(R) destroyed. Critical hit (Destroy). Lgt. Assault Rifle destroyed. Map ----- +----------------------------------------------------+ | ?????????????????????????????????????????????????? | | ?????????????????????????????????????????????????? | | ?????????????????????????????????????????????????? | | ?????????????????????????????????????????????????? | | ?????????????????????????????????????????????????? | | ?????????????????????????????????????????????????? | | ?????????????????????????????????????????????????? | | ?????????????????????????????????????????????????? | | ?????????????????????????????????????????????????? | | ?????????????????????????????????????????????????? | | ?????????????????????????????????????????????????? | | ?????????????????????????????????????????????????? | | ?????????????? ??????????????????????????????????? | | ???????????? ????????????""????????????????????? | | ??????????? ??????????""""????????????????????? | | ???????????? ?????####"" #????????????????????? | | ???????????? ????? #????????????????????? | | ????????????? ????? ##???????????????????? | | ????????###??? ???? ? #???????????????????? | | ##?????## ##??# ?### #?# #???????????????????? | | ##????# ???# ?# ??# #???????????????????? | | ###?## ##?? ## ??# #???????????????????? | | ### ##??# # ##? #???????????????????? | | # ## #??# ## &= #???????????????????? | | # ### #### # ##%R #???????????????????? | | # # # ## # # #@& #???????????????????? | | ## ##??????????????????? | | #??????????????????? | | ## ### ???????????? | | ### #?# # #??????????? | | #?# #?# ## ##? ###??????????? | | ###### ## ## #????##????????????? | | ##????## ### #??????????????????? | | ##??????# #?# #?????????????????? | | ##??????? ?# ????????????????? | | ???????? ???????????????? | | ??????? # ??????????????? | | ?????? ## #### ##?????????????? | | ?????# #?### ## #???###??????????????? | | ????? ????# #### ????????????????????? | | ??????? ????# ??? ????????????????????? | | ????????? ????? ????# ? #????????????????????? | | ??????????????? ????? ? #?????????????????????? | | ?????????????????????????????????????????????????? | | ?????????????????????????????????????????????????? | | ?????????????????????????????????????????????????? | | ?????????????????????????????????????????????????? | | ?????????????????????????????????????????????????? | | ?????????????????????????????????????????????????? | | ?????????????????????????????????????????????????? | +----------------------------------------------------+ Best States ------------- Heat Dissipation 25 Energy Generation 10 Energy Capacity 250 Matter Stores 300 Matter Capacity 300 Sight Range 16 Terrain Scan Density 10 Evasion (%) 55 Targeting Accuracy 5 Recoil Reduction 2 Item Schematics ----------------- None Robot Schematics ------------------ None Fabricated ------------ Nothing Alien Tech Used ----------------- None Achievements -------------- None Challenges ------------ None Game ------ Seed MobileImprinterDetonator Manual? 0 Play Time 00:16:12 Cumulative 15.1 hours Start 2024.04.10 @ 12:11:29 End 2024.04.10 @ 12:32:16 Sessions 1 Manual Loads 0 Difficulty Rogue Special Mode None Game No. 34 Rogue 34 Adventurer 0 Explorer 0 Win Type - Total 0 Types 0/0/0/0/0/0/0/0/0 Lore% 9 Gallery% 21 Achievement% 16 Wizard Run 0 Options --------- Layout 1 ASCII 0 Keyboard 0 Movement Mouse Keybinds 0 Fullscreen 1 Font 24/Smallcaps Map View 50x35 Zoom Use 0% Tactical HUD 0 Map Filters NONE Filters NONE Steam 1 RUN: 12d4d9e2-3292-496e-9217-37e6e546cb57